 Dungeon Crawl Stone Soup version 0.31.0-11-ge490571c62 (webtiles) character file.

Game seed: 8066447440878140981

127 qw the Skirmisher (level 4, -4/25 HPs)
             Began as a Deep Elf Hunter on Feb 3, 2024.
             Slain by Sigmund
             ... wielding a +0 scythe
              (9 damage)
             ... on level 2 of the Dungeon.
             The game lasted 00:00:23 (1467 turns).

qw the Skirmisher (Deep Elf Hunter)                 Turns: 1467, Time: 00:00:24

Health: -4/25      AC:  3    Str: 10    XL:     4   Next: 85%
Magic:  6/6        EV: 12    Int: 14    God:
Gold:   135        SH:  0    Dex: 18    Spells: 3/3 levels left

rFire   . . .        a - +1 shortbow
rCold   . . .        (shield currently unavailable)
rNeg    . . .        c - +0 leather armour
rPois   .            (no helmet)
rElec   .            (no cloak)
rCorr   .            (no gloves)
SInv    .            (no boots)
Will    .....        (no amulet)
Stlth   ++           (no ring)
HPRegen 0.24/turn    (no ring)
MPRegen 0.10/turn

%: no passive effects
@: slowed, very slow
A: no striking features
a: no special abilities


You were on level 2 of the Dungeon.
You visited 1 branch of the dungeon, and saw 2 of its levels.

You collected 135 gold pieces.


   Skills:
 - Level 1.5 Fighting
 + Level 8.3 Ranged Weapons
 - Level 2.4 Dodging
 - Level 1.2 Stealth


You had 3 spell levels left.
You didn't know any spells.
Your spell library was empty.

Inventory:

Hand Weapons
 a - a +1 shortbow (weapon)
Armour
 b - a +0 helmet
 c - a +0 leather armour (worn)
Scrolls
 e - a scroll of noise {unknown}
Potions
 d - a potion of degeneration {unknown}
 f - a potion of haste {unknown}
 g - 2 potions of resistance {unknown}

Dungeon Overview and Level Annotations

Branches:
Dungeon (2/15)

Altars:

Annotations:
D:2 Sigmund


Message History

You see here a bat corpse.
Natasha, Servant of Life and Death comes into view.
You shoot an arrow.
Natasha hisses angrily.
The arrow hits Natasha.
Natasha is lightly wounded.
You shoot an arrow. The arrow hits Natasha.
Natasha is moderately wounded.
You shoot an arrow. The arrow hits Natasha!
Natasha is severely wounded.
You hear a shout!
Natasha misses you.
You shoot an arrow. The arrow barely misses Natasha.
Sigmund the Dreaded comes into view.
He is wielding a +0 scythe.
Natasha casts a spell at you.
You feel yourself slow down.
Enter note:
Enter note:
Enter note: You shoot an arrow.
The arrow hits Natasha!
You kill Natasha!
Natasha yowls pathetically as she dies!
Sigmund gestures at you while chanting. The magic dart hits you!
Your Ranged Weapons skill increases to level 8!
You shoot an arrow. The arrow hits Sigmund!
Sigmund is moderately wounded.
Sigmund hits you from afar with a +0 scythe!
You shoot an arrow. The arrow hits Sigmund.
Sigmund is moderately wounded.
Sigmund closely misses you.
You shoot an arrow. The arrow completely misses Sigmund.
Sigmund casts a spell.
Sigmund flickers and vanishes!
Deactivating autopickup; reactivate with Ctrl-A.
You shoot an arrow. Something hits you!
You shoot an arrow. Something hits you!
You die...

#.#..........# #
#####.####.###..###
#...%.# #.........
#.##### ########%#
#.# #.# #.#### #..
#....# ###
#########.#
#......@#.#
#.#####.#.#
####{#.# #......#
#.##.### ## #.#
#### .. ..#
.######... ###.####
<.......## #.. ...#
####......


There were no monsters in sight!

Vanquished Creatures
  Natasha (twice) (D:2)
  Robin (D:2)
  An adder (D:2)
  A gnoll (D:1)
  A dart slug (D:2)
  An endoplasm (D:2)
  10 goblins
  5 hobgoblins (D:2)
  3 jackals (D:1)
  2 quokkas
  3 ball pythons
  8 bats
  3 kobolds (D:2)
  6 rats
47 creatures vanquished.

Notes
Turn   | Place    | Note
-------+----------+-------------------------------------------
     0 | D:1      | qw the Deep Elf Hunter began the quest for the Orb.
     0 | D:1      | Reached XP level 1. HP: 12/12 MP: 3/3
     0 | D:1      | 0 ||| qw: Version: 0.3-a-155-g5e7d8dd
     0 | D:1      | 0 ||| qw: Game counter: 3143
     0 | D:1      | 0 ||| qw: Melee chars always use a shield: true
     0 | D:1      | 0 ||| qw: God list: Okawaru
     0 | D:1      | 0 ||| qw: Allow faded altars: false
     0 | D:1      | 0 ||| qw: Do Orc after clearing Dungeon:15 true
     0 | D:1      | 0 ||| qw: Do second Lair branch before Depths: true
     0 | D:1      | 0 ||| qw: Lair rune preference: random
     0 | D:1      | 0 ||| qw: Goals: Normal
     0 | D:1      | 0 ||| PLANNING D:1-11
    41 | D:1      | Reached skill level 6 in Ranged Weapons
    41 | D:1      | Reached XP level 2. HP: 12/16 MP: 4/4
   815 | D:1      | 815 ||| READING scroll labelled XOABRU WOECZO.
   816 | D:1      | 816 ||| READING scroll labelled XIACSI PIVIE.
   816 | D:1      | 816 ||| ENCHANTING +0 shortbow.
   817 | D:1      | 817 ||| READING scroll labelled ZIMMABL LARIFIJ.
   818 | D:1      | 818 ||| DROPPING scroll of butterflies.
   876 | D:2      | 876 ||| RETREEEEATING.
   884 | D:2      | 884 ||| RETREEEEATING.
   887 | D:2      | Reached XP level 3. HP: 18/20 MP: 5/5
   911 | D:2      | 911 ||| FLEEEEING.
   928 | D:2      | Noticed Robin
   936 | D:2      | Killed Robin
   937 | D:2      | Reached skill level 7 in Ranged Weapons
  1111 | D:2      | Reached XP level 4. HP: 25/25 MP: 6/6
  1332 | D:2      | Noticed Natasha
  1336 | D:2      | 1336 ||| FLEEEEING.
  1342 | D:2      | Killed Natasha
  1457 | D:2      | Noticed Natasha
  1461 | D:2      | Noticed Sigmund
  1462 | D:2      | Killed Natasha
  1463 | D:2      | Reached skill level 8 in Ranged Weapons
  1466 | D:2      | HP: 4/25 [something (8)]
  1467 | D:2      | Slain by Sigmund

Levels and vault maps discovered:
D:1:      mainiacjoe_arrival_reflecting_pool, layout_basic,
          minmay_misc_feat_chi, hangedman_decor_push
D:2:      layout_loops_cross, uniq_robin, uniq_natasha, uniq_sigmund

Skill      XL: |  1  2  3  4 |
---------------+-------------+-----
Ranged Weapons | 6 7 8 |  8.3
Fighting       | |  1.5
Dodging        | |  2.4
Stealth        | |  1.2

Action                     |  1- 3 |  4- 6 || total
---------------------------+-------+-------++-------
   Fire: Shortbow          |    78 |    27 ||   105
    Use: Scroll            |     3 |       ||     3
 Armour: Leather armour    |    13 |     6 ||    19
  Dodge: Dodged            |    13 |     2 ||    15

Table legend:
 A = Non-vault XP
 B = Vault XP
 C = Vault XP percentage of total XP
 D = Non-vault monster count
 E = Vault monster count
 F = Vault count percentage of total count
                 A         B        C        D         E       F
            +---------+---------+-------+---------+---------+-------
      Total |     112 |      70 |  38.5 |      35 |      12 |  25.5
            +---------+---------+-------+---------+---------+-------
        D:1 |      35 |       0 |   0.0 |      17 |       0 |   0.0
        D:2 |      77 |      70 |  47.6 |      18 |      12 |  40.0
            +---------+---------+-------+---------+---------+-------
